AoeStats
← SantooKhan

Arena

509872615Analyzed
1v1 RM · 5d ago on Sep 28, 2026· 35m 7s· 2 players
Game mode
Random Map
Map size
Tiny (2 player)
Population
200
Speed
Normal
Resources
Standard
Victory
Conquest
Starting age
Dark Age
Ending age
Imperial Age
RankedLock teamsTeams togetherTeam positionsShared explorationLock speedFull tech treeHidden civsTurbo modeCheats
Victory
Defeat
🇩🇪 Persians · Germany
1175
+15
🇺🇾 Mongols · Uruguay
1147
-15
SantooKhan
10:27 Feudal Age
10:04 Loom
10:22 Loom
12:34 Double-Bit Axe
12:30 Horse Collar
13:40 Loom
18:07 Castle Age
19:30 Fletching
19:40 Padded Archer Armor
19:38 Gold Mining
19:38 Stone Mining
20:46 Bodkin Arrow
22:19 Wheelbarrow
21:29 Town Watch
22:04 Leather Archer Armor
23:29 Ballistics
25:09 Heavy Plow
28:11 Hand Cart
29:43 Town Patrol
32:31 Bow Saw
37:56 Imperial Age
Busy Dingo
10:33 Feudal Age
14:21 Castle Age
12:27 Double-Bit Axe
12:50 Horse Collar
19:15 Heavy Plow
20:59 Bow Saw
22:21 Gold Mining
22:43 Fletching
24:50 Wheelbarrow
24:01 Town Watch
24:01 Loom
26:32 Bodkin Arrow
26:48 Forging
26:44 Scale Barding Armor
27:44 Gold Shaft Mining
30:47 Imperial Age
30:28 Iron Casting
30:14 Chain Barding Armor
31:06 Elite War Elephant
32:07 Conscription
32:13 Elite War Elephant
34:05 Blast Furnace
34:10 Plate Barding Armor
35:24 Conscription
Connection lost

Rejoining the realm…

Still unreachable

The connection could not be restored.

Session expired

The server has moved on; the page needs a fresh start.